 Dungeon Crawl Stone Soup version 0.25-a0-294-gea9b1ad378 (webtiles) character file.

Game seed: 15775540286279185019, levelgen mode: deterministic

146 MoonlitKnight the Charmwright (level 5, -3/43 HPs)
             Began as a Gnoll Skald on Dec 16, 2019.
             Slain by Duvessa
             ... wielding a +0 short sword
              (4 damage)
             ... on level 4 of the Dungeon on Dec 17, 2019.
             The game lasted 00:05:28 (2614 turns).

MoonlitKnight the Charmwright (Gnoll Skald)         Turns: 2614, Time: 00:05:28

Health: -3/43      AC:  5    Str: 14    XL:     5   Next: 28%
Magic:  6/12       EV: 13    Int: 15    God:
Gold:   91         SH:  0    Dex: 15    Spells: 3/14 levels left

rFire    . . .     SeeInvis .   g - +2 whip (vamp)
rCold    . . .     Gourm    .   (no shield)
rNeg     . . .     Faith    .   f - +0 ring mail
rPois    .         Spirit   .   (no helmet)
rElec    .         Reflect  .   (no cloak)
rCorr    .         Harm     .   (no gloves)
MR       .....                  (no boots)
Stlth    +.........             (no amulet)
HPRegen  1.14/turn              (no ring)
MPRegen  0.13/turn              (no ring)

@: regenerating
A: distributed training, fangs 1, strong nose
a: no special abilities


You were on level 4 of the Dungeon.
You were not hungry.

You visited 1 branch of the dungeon, and saw 4 of its levels.

You collected 91 gold pieces.

Inventory:

Hand Weapons
 g - a +2 vampiric whip (weapon)
 k - a +0 hunting sling
 n - a +2 mace of holy wrath
Armour
 f - a +0 ring mail (worn)
Jewellery
 o - an uncursed amulet of guardian spirit {unknown}
Scrolls
 a - a scroll of teleportation {unknown}
 c - a scroll of enchant armour {unknown}
 h - 2 scrolls of remove curse {unknown}
 i - a scroll of blinking {unknown}
 p - a scroll of identify {unknown}
 q - a scroll of fear {unknown}
Potions
 b - a potion of flight {unknown}
 e - 2 potions of cancellation {unknown}
 j - a potion of curing {unknown}
 l - a potion of degeneration {unknown}
Comestibles
 d - 5 rations
 m - a chunk of flesh


   Skills:
 + Level 4.7 Fighting
 + Level 1.4 Short Blades
 + Level 1.4 Long Blades
 + Level 1.4 Axes
 + Level 1.4 Maces & Flails
 + Level 4.7 Polearms
 + Level 1.4 Staves
 + Level 1.4 Slings
 + Level 1.4 Bows
 + Level 1.4 Crossbows
 + Level 1.4 Throwing
 + Level 2.9 Armour
 + Level 4.7 Dodging
 + Level 1.4 Stealth
 + Level 1.4 Shields
 + Level 1.4 Unarmed Combat
 + Level 5.1 Spellcasting
 + Level 1.1 Conjurations
 + Level 1.1 Hexes
 + Level 5.5 Charms
 + Level 1.1 Summonings
 + Level 1.1 Necromancy
 + Level 1.1 Translocations
 + Level 1.1 Transmutations
 + Level 1.1 Fire Magic
 + Level 1.1 Ice Magic
 + Level 1.1 Air Magic
 + Level 1.1 Earth Magic
 + Level 1.1 Poison Magic
 + Level 1.5 Invocations
 + Level 1.4 Evocations


You had 3 spell levels left.
You knew the following spells:

 Your Spells              Type           Power        Failure   Level  Hunger
a - Infusion              Chrm           ###.         3%          1    None
b - Shroud of Golubria    Chrm/Tloc      ##....       12%         2    ##.....
c - Spectral Weapon       Hex/Chrm       ##......     24%         3    ###....
d - Regeneration          Chrm/Necr      ##........   24%         3    ###....
e - Song of Slaying       Chrm           ###.....     4%          2    ##.....

Your spell library contained the following spells:

 Spells                   Type           Power        Failure   Level  Hunger


Dungeon Overview and Level Annotations

Branches:
Dungeon (4/15)
 Temple: D:4-7

Altars:
Elyvilon
Makhleb
Nemelex Xobeh
Okawaru
Sif Muna
Uskayaw
Yredelemnul

Annotations:
D:4 Dowan, Duvessa


Innate Abilities, Weirdness & Mutations

Your experience applies equally to all skills.
You have very sharp teeth.
Your uncanny sense of smell can sniff out nearby items.


Message History

You barely miss Duvessa.
Duvessa is almost dead.
Your spectral weapon closely misses Duvessa.
Duvessa hits you with a +0 short sword.
* * * LOW HITPOINT WARNING * * *
You closely miss Duvessa.
Duvessa is almost dead.
Your spectral weapon fades away.
Duvessa hits you but does no damage.
You hit Duvessa.
You feel better.
Your bite misses Duvessa.
Duvessa is almost dead.
Dowan points at Duvessa and mumbles some strange words.
Duvessa seems to speed up.
You hear a shout!
Casting: Spectral Weapon (safe; 24% risk of failure)
Confirm with . or Enter, or press ? or * to list all spells.
Your skin crawls.
Duvessa hits you with a +0 short sword!
* * * LOW HITPOINT WARNING * * *
Duvessa hits you with a +0 short sword.
You die...

##...#....(#....###++###..
.........#....#.#.P....#
##.##.#####.##..PP.P...#
.........รท......#......#
...[.#.....#..#.#..[...#
##..###...###...P......#
#...#..#..#..........PP
...#.........##.#P..P##P
#..######..####e@.......
##. ###.# #o########
#.#.e# ...o# ......#
.#####... .#$((#..#
.#)?[#..# .#?[?#..#


You could see Duvessa, Dowan, an orc wizard and an orc.

Vanquished Creatures
  8 adders
  An ooze (D:3)
  2 worms (D:2)
  2 dart slugs
  A leopard gecko (D:3)
  7 bats
  3 giant cockroaches
  11 goblins
  5 hobgoblins
  6 jackals
  2 quokkas (D:2)
  5 frilled lizards
  3 kobolds
  7 rats
63 creatures vanquished.

Notes
Turn   | Place    | Note
-------+----------+-------------------------------------------
     0 | D:1      | MoonlitKnight the Gnoll Skald began the quest for the Orb.
     0 | D:1      | Reached XP level 1. HP: 20/20 MP: 6/6
    61 | D:1      | Reached XP level 2. HP: 25/26 MP: 7/7
   444 | D:1      | Found a sparkling altar of Nemelex Xobeh.
   822 | D:2      | Reached XP level 3. HP: 27/31 MP: 3/9
   826 | D:2      | Reached skill level 5 in Spellcasting
   844 | D:1      | Reached skill level 1 in Invocations
  1058 | D:1      | Learned a level 2 spell: Shroud of Golubria
  1062 | D:1      | Learned a level 3 spell: Spectral Weapon
  1066 | D:1      | Learned a level 3 spell: Regeneration
  1069 | D:1      | Learned a level 2 spell: Song of Slaying
  1132 | D:2      | Reached skill level 1 in Short Blades
  1132 | D:2      | Reached skill level 1 in Long Blades
  1132 | D:2      | Reached skill level 1 in Axes
  1132 | D:2      | Reached skill level 1 in Maces & Flails
  1132 | D:2      | Reached skill level 1 in Staves
  1132 | D:2      | Reached skill level 1 in Slings
  1132 | D:2      | Reached skill level 1 in Bows
  1132 | D:2      | Reached skill level 1 in Crossbows
  1132 | D:2      | Reached skill level 1 in Throwing
  1132 | D:2      | Reached skill level 1 in Stealth
  1132 | D:2      | Reached skill level 1 in Shields
  1132 | D:2      | Reached skill level 1 in Unarmed Combat
  1132 | D:2      | Reached skill level 1 in Evocations
  1140 | D:2      | Found a shimmering blue altar of Sif Muna.
  1153 | D:2      | You fall into a shaft and drop 1 floor!
  1167 | D:3      | Reached XP level 4. HP: 38/38 MP: 11/11
  1254 | D:2      | Reached skill level 1 in Conjurations
  1254 | D:2      | Reached skill level 1 in Hexes
  1254 | D:2      | Reached skill level 1 in Summonings
  1254 | D:2      | Reached skill level 1 in Necromancy
  1254 | D:2      | Reached skill level 1 in Translocations
  1254 | D:2      | Reached skill level 1 in Transmutations
  1254 | D:2      | Reached skill level 1 in Fire Magic
  1254 | D:2      | Reached skill level 1 in Ice Magic
  1254 | D:2      | Reached skill level 1 in Air Magic
  1254 | D:2      | Reached skill level 1 in Earth Magic
  1254 | D:2      | Reached skill level 1 in Poison Magic
  1782 | D:2      | Reached XP level 5. HP: 43/43 MP: 12/12
  2017 | D:3      | Found an iron altar of Okawaru.
  2187 | D:3      | Found a white marble altar of Elyvilon.
  2190 | D:3      | Found a sparkling altar of Nemelex Xobeh.
  2193 | D:3      | Found a hide-covered altar of Uskayaw.
  2196 | D:3      | Found a basalt altar of Yredelemnul.
  2278 | D:3      | Found a burning altar of Makhleb.
  2527 | D:4      | Noticed Dowan
  2592 | D:4      | Noticed Duvessa
  2614 | D:4      | HP: 1/43 [Duvessa/+0 short sword (9)]
  2614 | D:4      | Slain by Duvessa

Levels and vault maps discovered:
D:1:      minmay_arrival_four_loops, layout_basic, nemelex_altar_shiori
D:2:      layout_loops_ring, lemuel_doored_altar
D:3:      wander_river, layout_basic, nicolae_overflow_hidden_temple,
          grunt_temple_overflow_cloverleaf, nicolae_overflow_crystal_walls,
          minmay_misc_feat_more_columns
D:4:      cheibrodos_old_hovel, layout_loops_ring,
          minmay_temple_entry_mini_moons, serial_glass, glass_columns_a,
          glass_columns_c, glass_columns_a, glass_columns_a, glass_columns_a,
          glass_columns_a, glass_columns_c, glass_columns_c,
          due_unseen_surprise, minmay_strange_pillars, minmay_strange_pillars,
          doesnt_xom_only_xom, uniq_duvessa

Skill      XL: |  1  2  3  4 |
---------------+-------------+-----
Spellcasting   | 5 |  5.1
Invocations    | 1 |  1.5
Short Blades   | 1 |  1.4
Long Blades    | 1 |  1.4
Axes           | 1 |  1.4
Maces & Flails | 1 |  1.4
Staves         | 1 |  1.4
Slings         | 1 |  1.4
Bows           | 1 |  1.4
Crossbows      | 1 |  1.4
Throwing       | 1 |  1.4
Stealth        | 1 |  1.4
Shields        | 1 |  1.4
Unarmed Combat | 1 |  1.4
Evocations     | 1 |  1.4
Conjurations   | 1 |  1.1
Hexes          | 1 |  1.1
Summonings     | 1 |  1.1
Necromancy     | 1 |  1.1
Translocations | 1 |  1.1
Transmutations | 1 |  1.1
Fire Magic     | 1 |  1.1
Ice Magic      | 1 |  1.1
Air Magic      | 1 |  1.1
Earth Magic    | 1 |  1.1
Poison Magic   | 1 |  1.1
Fighting       | |  4.7
Polearms       | |  4.7
Armour         | |  2.9
Dodging        | |  4.7
Charms         | |  5.5

Action                   |  1- 3 |  4- 6 || total
-------------------------+-------+-------++-------
Melee: Spear             |    44 |       ||    44
       Bite              |    11 |    21 ||    32
       Whip              |    61 |   113 ||   174
       Punch             |     1 |     1 ||     2
 Cast: Infusion          |     1 |       ||     1
       Spectral Weapon   |       |     3 ||     3
       Shroud of Golubri |       |     2 ||     2
       Regeneration      |       |     1 ||     1
 Stab: Sleeping          |     1 |       ||     1
  Eat: Chunk             |     1 |     5 ||     6
Armor: Leather armour    |    17 |       ||    17
       Ring mail         |    40 |    44 ||    84
Dodge: Dodged            |   114 |    80 ||   194

Table legend:
 A = Non-vault XP
 B = Vault XP
 C = Vault XP percentage of total XP
 D = Non-vault monster count
 E = Vault monster count
 F = Vault count percentage of total count
                 A         B        C        D         E       F
            +---------+---------+-------+---------+---------+-------
      Total |     209 |       0 |   0.0 |      63 |       0 |   0.0
            +---------+---------+-------+---------+---------+-------
        D:1 |      36 |       0 |   0.0 |      23 |       0 |   0.0
        D:2 |     123 |       0 |   0.0 |      30 |       0 |   0.0
        D:3 |      36 |       0 |   0.0 |       9 |       0 |   0.0
        D:4 |      14 |       0 |   0.0 |       1 |       0 |   0.0
            +---------+---------+-------+---------+---------+-------
